 Dungeon Crawl Stone Soup version 0.24.0-123-gd5b16e6ec5 (webtiles) character file.

Game seed: 15957609125727372594, levelgen mode: deterministic

9804 mortelune the Destroyer (level 11, 0/60 HPs)
             Began as a Gargoyle Fire Elementalist on Jan 30, 2020.
             Was a Priest of Vehumet.
             Hit by a large rock thrown by a cyclops (11 damage)
             ... on level 11 of the Dungeon.
             The game lasted 00:33:17 (13887 turns).

mortelune the Destroyer (GrFE)                     Turns: 13887, Time: 00:33:17

Health: 0/60       AC: 14    Str: 11    XL:     11   Next: 52%
Magic:  5/21       EV: 12    Int: 20    God:    Vehumet [***...]
Gold:   524        SH:  0    Dex: 10    Spells: 5/24 levels left

rFire    + . .     SeeInvis .   n - +2 whip (venom)
rCold    + . .     Gourm    .   (no shield)
rNeg     + . .     Faith    .   J - +1 robe {rC+}
rPois    ∞         Spirit   .   E - +2 helmet
rElec    +         Reflect  .   (no cloak)
rCorr    .         Harm     .   (no gloves)
MR       .....                  (no boots)
Stlth    ++........             (no amulet)
HPRegen  0.20/turn              s - ring of protection from fire (curse)
MPRegen  0.17/turn              (no ring)

@: very slightly contaminated, invisible
A: negative energy resistance 1, electricity resistance, unbreathing,
petrification resistance, rot immunity, AC +8
a: Renounce Religion


You were on level 11 of the Dungeon.
You worshipped Vehumet.
Vehumet was most pleased with you.
You were not hungry.

You visited 2 branches of the dungeon, and saw 12 of its levels.

You collected 573 gold pieces.
You spent 49 gold pieces at shops.

Inventory:

Hand Weapons
 g - a +1 spear of flaming
 n - a +2 whip of venom (weapon)
Missiles
 w - 125 stones (quivered)
Armour
 a - a +1 robe
 E - a +2 helmet (worn)
 J - a +1 robe of cold resistance (worn)
 N - a +0 troll leather armour
 O - a +1 robe of fire resistance
Magical Staves
 u - an uncursed staff of power
 K - an uncursed staff of energy
Jewellery
 s - a cursed ring of protection from fire (left hand)
 v - a +2 ring of slaying
Wands
 f - a wand of clouds (5)
 l - a wand of flame (54)
 q - a wand of enslavement (4)
 C - a wand of random effects (20)
 D - a wand of polymorph (3)
 G - a wand of acid (13)
 I - a wand of digging (10)
Scrolls
 b - 5 scrolls of teleportation
 k - 2 scrolls of enchant weapon
 m - 4 scrolls of remove curse
 o - a scroll of enchant armour
 r - a scroll of magic mapping
 x - 2 scrolls of fog {unknown}
 y - 3 scrolls of torment {unknown}
 z - 2 scrolls of fear
 B - 4 scrolls of identify
 H - a scroll of amnesia
 M - a scroll of brand weapon {unknown}
Potions
 d - 2 potions of haste {unknown}
 e - 2 potions of brilliance
 h - 5 potions of curing
 i - a potion of might
 p - 2 potions of lignification
 A - a potion of mutation {unknown}
 F - 2 potions of ambrosia {unknown}
 L - a potion of berserk rage {unknown}
Comestibles
 c - 18 rations
 P - a chunk of flesh


   Skills:
 - Level 3.1 Fighting
 - Level 1.5 Dodging
 - Level 2.1 Stealth
 + Level 7.1 Spellcasting
 * Level 11.4 Conjurations
 + Level 9.5 Fire Magic
 * Level 9.2 Earth Magic


You had 5 spell levels left.
You knew the following spells:

 Your Spells              Type           Power        Failure   Level  Hunger
a - Flame Tongue          Conj/Fire      #####        1%          1    None
b - Throw Flame           Conj/Fire      #####.       1%          2    None
c - Sticky Flame          Conj/Fire      #####...     1%          4    ###....
d - Conjure Flame         Conj/Fire      #####...     1%          3    #......
e - Fireball              Conj/Fire      #####.....   1%          5    #####..
f - Stone Arrow           Conj/Erth      #####.       1%          3    #......
s - Sandblast             Erth           #####.       1%          1    None

Your spell library contained the following spells:

 Spells                   Type           Power        Failure   Level  Hunger
 Ignite Poison            Fire/Tmut/Pois ###.....     2%          3    #......
 Throw Frost              Conj/Ice       ####..       1%          2    None
 Inner Flame              Hex/Fire       ####....     1%          3    #......
 Freeze                   Ice            #...         2%          1    None
 Throw Icicle             Conj/Ice       ####....     2%          4    ###....
 Ozocubu's Armour         Chrm/Ice       #.......     28%         3    #......
 Summon Ice Beast         Ice/Summ       #.......     67%         4    ###....


Dungeon Overview and Level Annotations

Branches:
Dungeon (11/15)            Temple (1/1) D:4            Lair (0/6) D:11
    Orc (0/2) D:11

Altars:
Ashenzari
Cheibriados
Dithmenos
Elyvilon
Fedhas
Gozag
Hepliaklqana
Kikubaaqudgha
Makhleb
Nemelex Xobeh
Okawaru
Qazlal
Ru
Sif Muna
Trog
Uskayaw
Vehumet
Wu Jian
Xom
Zin
The Shining One
Beogh

Shops:
D:5 =   D:8 ?   D:11 ?%


Innate Abilities, Weirdness & Mutations

You are resistant to torment.
Your stone body is resilient. (AC +8)
You are immune to poison.
You resist negative energy. (rN+)
You are resistant to electric shocks. (rElec)
You can survive without breathing.
You are immune to petrification.
You are immune to rotting.


Message History

You hear some strange, mumbled words.
A puff of frost appears from out of thin air!
The puff of frost misses you.
Casting: Throw Flame (safe; 1% risk of failure)
Confirm with . or Enter, or press ? or * to list all spells.
Aiming: Sticky Flame (safe; 1% risk of failure)
Press: ? - help, Shift-Dir - straight line The sticky flame hits something!
Vehumet accepts your kill.
You feel your power returning.
Reactivating autopickup.
You feel a bit more experienced.
Things that are here:
a +0 dagger; a +0 robe You hear the thunderous beating of a distant drum.
The cyclops throws a large rock.
The large rock hits you!!
* * * LOW HITPOINT WARNING * * *
You see here a large rock.
You feel better.
The cyclops throws a large rock.
The large rock hits you!
You die...

,* *##*,....#.#...........#*,*,
,* #..+.....#.#)####.####.#*,*,
,* ##'##..,,...#.# #.# *,**,*, ,*
#....#+#*#..#.# #.# *,**,*, ,*
#....#.# *..#.# #.# *,**,*, ,*
#......####.#C# #.# *,,,,,,
#####........,#.#[# #o# ****,**
...)'(...##.###...# #.# *,**
.####....'..÷.).@.# #(# *,** .#
#..####.####..# #(# *,* .#
#..'∩'..# #.># *#o#*** *,* (#
#..###### #### *...,,* *,* ##
#### ***#..C.,* **+** #
*,,+.....* *,,,,
#*****************,*#.)...#**,,,,
.,,,,,,,,,,,,,,,,,,,+.....',+,,,,
##****************+*#.....##*,,,∩


You could see a cyclops.

Vanquished Creatures
  Fannar (D:10)
  Erica (D:10)
  Nergalle (D:10)
  2 cyclopes (D:11)
  2 gargoyles
  A komodo dragon (D:11)
  3 trolls
  11 yaks (D:9)
  Eustachio (D:6)
  2 hungry ghosts
  A water moccasin (D:9)
  An ice beast (D:5)
  8 orc warriors
  2 sky beasts
  2 necrophages
  2 ogres
  6 centaurs
  2 big kobolds
  4 bullfrogs
  A scorpion (D:9)
  11 killer bees
  A howler monkey (D:4)
  2 crimson imps
  A bullfrog zombie (D:2)
  A quasit (D:7)
  A centaur zombie (D:6)
  2 hounds (D:4)
  7 orc priests
  4 bullfrog skeletons
  Jessica (D:2)
  Natasha (thrice) (D:2)
  3 iguanas
  7 orc wizards
  2 worker ants
  A hound skeleton (D:7)
  2 worker ant zombies
  A gnoll (D:1)
  11 adders
  2 shadow imps
  An ooze (D:3)
  An adder zombie (D:5)
  2 worms
  A dart slug (D:2)
  10 leopard geckos
  59 orcs
  5 giant cockroaches
  11 hobgoblins
  9 jackals
  18 kobolds
  A quokka (D:3)
  3 ball pythons
  5 bats
  8 frilled lizards
  8 goblins
  A quokka skeleton (D:10)
  12 rats
272 creatures vanquished.

Vanquished Creatures (collateral kills)
  An orc (D:6)
1 creature vanquished.

Vanquished Creatures (others)
  A quokka (D:8)
  A fire vortex (D:6)
2 creatures vanquished.

Grand Total: 275 creatures vanquished

Notes
Turn   | Place    | Note
-------+----------+-------------------------------------------
     0 | D:1      | mortelune the Gargoyle Fire Elementalist began the quest
                  | for the Orb.
     0 | D:1      | Reached XP level 1. HP: 10/10 MP: 3/3
   240 | D:1      | Reached XP level 2. HP: 15/15 MP: 1/5
   300 | D:1      | Learned a level 2 spell: Throw Flame
   622 | D:1      | Reached skill level 2 in Conjurations
   742 | D:1      | Reached XP level 3. HP: 20/20 MP: 3/6
  1071 | D:1      | Reached skill level 1 in Fighting
  1619 | D:2      | Noticed Jessica
  1638 | D:1      | Reached XP level 4. HP: 24/25 MP: 0/7
  1770 | D:2      | Killed Jessica
  1770 | D:2      | Reached skill level 3 in Conjurations
  1770 | D:2      | Reached XP level 5. HP: 25/29 MP: 1/8
  2064 | D:2      | Noticed Natasha
  2071 | D:2      | Killed Natasha
  2077 | D:2      | Learned a level 4 spell: Sticky Flame
  2396 | D:2      | Noticed Natasha
  2404 | D:2      | Killed Natasha
  2587 | D:2      | Noticed Natasha
  2594 | D:2      | Killed Natasha
  2594 | D:2      | Reached XP level 6. HP: 19/35 MP: 4/10
  3412 | D:3      | Reached skill level 4 in Conjurations
  3644 | D:2      | Learned a level 3 spell: Conjure Flame
  4571 | D:4      | Found an opulent altar of Gozag.
  4573 | D:4      | Found a shimmering altar of Xom.
  4573 | D:4      | Found a blossoming altar of Fedhas.
  4574 | D:4      | Found a burning altar of Makhleb.
  4736 | D:4      | Reached XP level 7. HP: 40/40 MP: 0/11
  4857 | D:4      | Reached skill level 5 in Fire Magic
  5146 | D:4      | Found an ancient bone altar of Kikubaaqudgha.
  5301 | D:4      | Found a staircase to the Ecumenical Temple.
  5307 | Temple   | Entered the Ecumenical Temple
  5372 | Temple   | Became a worshipper of Vehumet
  5955 | D:5      | Entered Level 5 of the Dungeon
  6109 | D:5      | Found Fanoaf's Jewellery Shop.
  6120 | D:5      | Reached skill level 5 in Conjurations
  6532 | D:5      | Found a glowing silver altar of Zin.
  6639 | D:5      | Found a glowing golden altar of the Shining One.
  6993 | D:6      | Noticed Eustachio
  7003 | D:6      | Killed Eustachio
  7003 | D:6      | Reached skill level 6 in Conjurations
  7003 | D:6      | Reached XP level 8. HP: 46/46 MP: 12/13
  7419 | D:5      | Learned a level 5 spell: Fireball
  7612 | D:6      | Reached * piety under Vehumet
  7612 | D:6      | Offered knowledge of Freeze by Vehumet.
  8045 | D:6      | Found a shattered altar of Ashenzari.
  8337 | D:7      | Reached skill level 7 in Conjurations
  8652 | D:7      | Reached XP level 9. HP: 10/50 MP: 2/15
  9291 | D:7      | Offered knowledge of Sandblast by Vehumet.
  9291 | D:7      | Reached skill level 5 in Spellcasting
  9291 | D:7      | Reached skill level 8 in Conjurations
  9294 | D:7      | Learned a level 1 spell: Sandblast
  9337 | D:7      | Reached ** piety under Vehumet
  9399 | D:7      | Found an ornate altar of the Wu Jian Council.
  9574 | D:7      | Reached skill level 1 in Earth Magic
 10361 | D:8      | Found Ehec's Magic Scroll Shoppe.
 10369 | D:8      | Bought a scroll of fear for 49 gold pieces
 10386 | D:8      | Found a white marble altar of Elyvilon.
 10775 | D:9      | Noticed a troll
 10781 | D:9      | Killed a troll
 10781 | D:9      | Reached skill level 9 in Conjurations
 11051 | D:9      | Offered knowledge of Stone Arrow by Vehumet.
 11051 | D:9      | Reached XP level 10. HP: 56/56 MP: 18/18
 11055 | D:9      | Reached skill level 5 in Earth Magic
 11164 | D:9      | Learned a level 3 spell: Stone Arrow
 11251 | D:9      | Found a hide-covered altar of Uskayaw.
 11252 | D:9      | Noticed a +0 hand axe
 11253 | D:9      | Noticed a +0 hand axe
 11343 | D:9      | Found a roughly hewn altar of Beogh.
 11355 | D:9      | Reached *** piety under Vehumet
 11787 | D:10     | Entered Level 10 of the Dungeon
 11792 | D:10     | Noticed Fannar
 11938 | D:10     | Reached skill level 10 in Conjurations
 12266 | D:10     | Killed Fannar
 12266 | D:10     | Offered knowledge of Ignite Poison by Vehumet.
 12337 | D:10     | Noticed a gargoyle
 12474 | D:9      | Reached XP level 11. HP: 37/60 MP: 9/20
 13026 | D:10     | Noticed Nergalle
 13035 | D:10     | Killed Nergalle
 13368 | D:10     | Reached skill level 11 in Conjurations
 13545 | D:11     | Noticed Erica
 13547 | D:11     | Noticed a cyclops
 13553 | D:10     | Killed Erica
 13614 | D:11     | Killed a cyclops
 13621 | D:11     | Found Ekuskeyf's Magic Scroll Boutique.
 13641 | D:11     | Noticed a cyclops
 13747 | D:11     | Killed a cyclops
 13799 | D:11     | Found Miruqale's Food Shoppe.
 13848 | D:11     | Noticed a cyclops
 13887 | D:11     | Hit by a large rock thrown by a cyclops

Levels and vault maps discovered:
D:1:      dpeg_arrival_water_fire, layout_basic, serial_forest,
          infiniplex_forest_clump_diagonal, infiniplex_forest_clump_small,
          infiniplex_forest_diagonal, infiniplex_forest_end_2,
          infiniplex_forest_lined_room_2, minmay_cupped
D:2:      layout_basic, uniq_natasha, uniq_jessica
D:3:      layout_rooms, first_ration
D:4:      layout_basic, kiku_gazebo_pond_becter,
          chequers_temple_overflow_statue_of_worship,
          minmay_temple_entry_butterflies, hex_intersection
D:5:      layout_cave_pools, lemuel_doored_altar, tso_altar, serial_shops,
          nicolae_shop_window_shopping, patterned_corridor
D:6:      layout_gridville, nicolae_overflow_hidden_temple,
          yredelemnul_forgotten_temple_becter, st_stairs_6, uniq_eustachio
D:7:      layout_rooms, lemuel_round_altar
D:8:      layout_cave_pools, elyvilon_altar_4, serial_shops, shop
D:9:      layout_roguey [special_room_orc], dancing_weapons_uskayaw
D:10:     layout_long_grid, uniq_fannar, uniq_nergalle
D:11:     layout_basic, dpeg_lair_monsters, orc_0_dummy, serial_shops, shop,
          nicolae_shop_crystal, shop, kennysheep_mini, gauntlet_entry_generic,
          uniq_erica
Temple:   eino_wide_crystal_templ

Skill      XL: |  1  2  3  4  5  6  7  8  9 10 11 |
---------------+----------------------------------+-----
Conjurations   | 2 3 4 6 7 9 10 11 | 11.4
Fighting       | 1 2 3 |  3.1
Fire Magic     | 4 6 7 8 9 |  9.5
Spellcasting   | 3 4 5 6 7 |  7.1
Earth Magic    | 4 7 9 |  9.2
Dodging        | |  1.5
Stealth        | |  2.1

Action                   |  1- 3 |  4- 6 |  7- 9 | 10-12 || total
-------------------------+-------+-------+-------+-------++-------
Melee: Spear             |    12 |       |       |       ||    12
       Whip              |       |    52 |    13 |    28 ||    93
       Staff             |       |       |     2 |       ||     2
 Cast: Flame Tongue      |    30 |    55 |   100 |    42 ||   227
       Throw Flame       |    20 |    70 |   126 |    20 ||   236
       Sticky Flame      |       |       |    25 |    19 ||    44
       Fireball          |       |       |    20 |    51 ||    71
       Sandblast         |       |       |     1 |     5 ||     6
       Conjure Flame     |       |       |       |     3 ||     3
       Stone Arrow       |       |       |       |     1 ||     1
Evoke: Wand              |       |       |     1 |       ||     1
  Use: Scroll            |       |       |    16 |     3 ||    19
       Potion            |       |       |     1 |     3 ||     4
 Stab: Distracted        |       |     1 |       |       ||     1
  Eat: Chunk             |     4 |    12 |    24 |     7 ||    47
       Ration            |       |       |     3 |     4 ||     7
Armor: Robe              |     8 |    33 |    32 |    56 ||   129
Dodge: Dodged            |    20 |    58 |    51 |    72 ||   201
